 Dungeon Crawl Stone Soup version 0.31.0-11-ge490571c62 (webtiles) character file.

Game seed: 13895081724783592057

2819 ces the Skirmisher (level 9, -1/41 HPs)
             Began as a Spriggan Hunter on Jan 26, 2024.
             Was an Initiate of Gozag.
             Slain by a killer bee (2 damage)
             ... on level 8 of the Dungeon.
             The game lasted 00:16:17 (7659 turns).

ces the Skirmisher (Spriggan Hunter)                Turns: 7659, Time: 00:16:18

Health: -1/41      AC:  3    Str: 13    XL:     9   Next: 45%
Magic:  10/10      EV: 19    Int: 11    God:    Gozag
Gold:   832        SH:  0    Dex: 28    Spells: 8/8 levels left

rFire   . . .        a - +0 shortbow
rCold   + . .        (shield currently unavailable)
rNeg    . . .        c - +1 robe
rPois   .            (helmet restricted)
rElec   .            (no cloak)
rCorr   .            (gloves unavailable)
SInv    +            (boots unavailable)
Will    +....        (no amulet)
Stlth   +++++        s - +6 ring of strength
HPRegen 0.26/turn    x - +6 ring of dexterity
MPRegen 0.12/turn

%: no passive effects
@: lethally poisoned (-1 -> -10), hasted, very quick
A: very small, no large weapons, unfitting armour, see invisible, speed 3, cold
resistance 1, mutation resistance 1
a: Renounce Religion, Potion Petition, Call Merchant, Bribe Branch


You were on level 8 of the Dungeon.
You worshipped Gozag.
Gozag was pleased with you.
You visited 2 branches of the dungeon, and saw 9 of its levels.

You collected 849 gold pieces.
You paid 17 gold pieces to Gozag.

Inventory:

Hand Weapons
 a - a +0 shortbow (weapon)
 b - the +7 dagger of Ashenzari, Scorching {freeze, rElec rF+ Str-3}
   (You found it on level 2 of the Dungeon)

   Str-3:     It affects your strength (-3).
   rF+:       It protects you from fire.
   rElec:     It insulates you from electricity.
Armour
 c - a +1 robe (worn)
Jewellery
 d - a +6 ring of strength
 q - a ring of wizardry
 s - a +6 ring of strength (left hand)
 x - a +6 ring of dexterity (right hand)
Wands
 k - a wand of paralysis (13)
 y - a wand of flame (11)
Scrolls
 g - a scroll of identify
 h - 2 scrolls of butterflies
 l - a scroll of brand weapon {unknown}
 n - 3 scrolls of enchant armour
 o - a scroll of poison
 p - a scroll of immolation
 t - 3 scrolls of blinking {unknown}
 u - a scroll of noise {unknown}
 v - a scroll of silence {unknown}
 w - 2 scrolls of vulnerability {unknown}
 B - a scroll of torment {unknown}
 E - 2 scrolls of amnesia
 F - a scroll of enchant weapon {unknown}
 G - a scroll of teleportation
 H - a scroll of fear {unknown}
Potions
 e - a potion of cancellation
 f - 2 potions of might
 i - a potion of magic
 m - a potion of mutation
 r - 2 potions of attraction {unknown}
 z - 2 potions of heal wounds {unknown}
 A - 3 potions of enlightenment
 C - a potion of invisibility {unknown}
 D - a potion of haste


   Skills:
 - Level 1.5 Fighting
 - Level 1.8 Short Blades
 * Level 12.1 Ranged Weapons
 - Level 2.6 Dodging
 * Level 9.3 Stealth


You had 8 spell levels left.
You didn't know any spells.
Your spell library contained the following spells:

 Spells                   Type           Power      Damage    Failure   Level
 Gell's Gravitas          Tloc           0%         N/A       71%         3
 Teleport Other           Tloc           0%         N/A       71%         3
 Dispersal                Tloc           0%         N/A       100%        6


Dungeon Overview and Level Annotations

Branches:
Dungeon (8/15)             Temple (1/1) D:4
   Lair: D:8-11

Altars:
Ashenzari
Cheibriados
Fedhas
Gozag
Hepliaklqana
Kikubaaqudgha
Makhleb
Nemelex Xobeh
Okawaru
Qazlal
Ru
Sif Muna
Trog
Vehumet
Wu Jian
Yredelemnul
Zin
The Shining One

Shops:
D:1 :

Annotations:
D:5 2 transporters, zenocrate's ghost, novice VSEn
D:6 Sigmund
D:7 3 runed translucent doors, osinmv's ghost, novice HOFE
D:8 1 runed translucent door, RancidPinata's ghost, weakling GrDe


Innate Abilities, Weirdness & Mutations

You are very small and have problems with some larger weapons.
You are too small for most types of armour.
You have supernaturally acute eyesight. (SInv)
You cover ground extremely quickly. (Speed+++)
Your flesh is cold resistant. (rC+)
You are somewhat resistant to further mutation.


Message History

You are poisoned.
The killer bee poisons you!
You feel sick.
The killer bee buzzes angrily.
The killer bee misses you.
You feel sick.
You shoot an arrow. The arrow barely misses the killer bee.
The arrow hits the killer bee but does no damage.
You feel sick. The killer bee misses you.
You shoot an arrow. The arrow hits the killer bee!
The killer bee is severely wounded.
You feel sick. The killer bee barely misses you. x2
The killer bee closely misses you.
You shoot an arrow. The arrow misses the killer bee.
You feel sick. The killer bee stings you. The killer bee closely misses you.
You shoot an arrow. The arrow misses the killer bee.
The gnoll shouts!
The killer bee stings you!
The killer bee stings you but does no damage.
The killer bee closely misses you. x2
You feel better.
The killer bee misses you. x2; The killer bee stings you!
You are poisoned.
The killer bee poisons you! The killer bee closely misses you.
It was a potion of haste.
You feel yourself speed up.
You feel sick. The killer bee misses you. The killer bee stings you.
* * * LOW HITPOINT WARNING * * *
You are lethally poisoned!
The killer bee poisons you! The killer bee barely misses you.
The killer bee stings you!
* * * LOW HITPOINT WARNING * * *
It was a potion of magic.
Magic courses through your body.
* * * LOW HITPOINT WARNING * * *
You feel sick. The killer bee misses you. x2
It was a potion of mutation.
You feel extremely strange.
You feel resistant to cold.
You feel genetically stable.
* * * LOW HITPOINT WARNING * * *
You feel very sick. The killer bee closely misses you.
The killer bee stings you.
You die...
Your body crumbles into a pile of gold.

##.........####....###
.# ##.>...#### ######
.. #....## .# ##....#
##### #.....##
##...### #......##
#.......
##........##### ##...#
#.....##(.....###....#
#....##
####...@y.g..## #....#
###..y.#.g.## #....###
##...####).## ###
##......######...##
##.)## ##...
#..............<.#
##).##.....
#..#.....#####..##
##).....# .####..###
#### #.g...## # #..#
##..).## #..#
.###....##


You could see 2 killer bees and 2 gnolls.

Vanquished Creatures
  A hornet (D:7)
  A wyvern (D:8)
  Eustachio (D:5)
  3 water moccasins
  An orc warrior (D:6)
  An ice beast (D:7)
  2 sky beasts
  A black bear (D:5)
  A centaur (D:8)
  A phantom (D:6)
  A bullfrog (D:7)
  2 kobold brigands
  4 scorpions
  5 wights (D:7)
  2 killer bees (D:7)
  A howler monkey (D:6)
  A bombardier beetle (D:5)
  A jelly (D:5)
  3 hounds
  2 orc priests
  An iguana (D:6)
  3 orc wizards
  A gnoll (D:8)
  10 adders
  2 shadow imps (D:6)
  2 white imps (D:5)
  2 ufetubi (D:7)
  8 dart slugs
  2 ribbon worms
  23 orcs
  6 endoplasms
  5 giant cockroaches
  3 goblins
  7 hobgoblins
  3 quokkas
  13 ball pythons
  3 bats
  3 frilled lizards
  15 kobolds
  6 rats
153 creatures vanquished.

Notes
Turn   | Place    | Note
-------+----------+-------------------------------------------
     0 | D:1      | ces the Spriggan Hunter began the quest for the Orb.
     0 | D:1      | Reached XP level 1. HP: 10/10 MP: 2/2
    21 | D:1      | Found Liehal's Book Boutique.
   132 | D:1      | Reached XP level 2. HP: 14/14 MP: 3/3
   515 | D:2      | Reached skill level 5 in Ranged Weapons
   532 | D:2      | Reached XP level 3. HP: 18/18 MP: 4/4
   924 | D:2      | Identified the +7 dagger of Ashenzari, Scorching {freeze,
                  | rElec rF+ Str-3}
   962 | D:2      | Reached XP level 4. HP: 22/22 MP: 5/5
  1786 | D:3      | Noticed a scorpion
  1790 | D:3      | Killed a scorpion
  1791 | D:3      | Reached skill level 1 in Short Blades
  1791 | D:3      | Reached XP level 5. HP: 25/25 MP: 6/6
  1870 | D:3      | Found a sacrificial altar of Ru.
  1870 | D:3      | Found an ancient bone altar of Kikubaaqudgha.
  1870 | D:3      | Found an iron altar of Okawaru.
  2060 | D:4      | Found a burning altar of Makhleb.
  2229 | D:4      | Found a bloodstained altar of Trog.
  2392 | D:4      | Found a staircase to the Ecumenical Temple.
  2400 | D:4      | Reached skill level 5 in Stealth
  2411 | Temple   | Entered the Ecumenical Temple
  2419 | Temple   | Became a worshipper of Gozag Ym Sagoz the Greedy
  2439 | D:5      | Entered Level 5 of the Dungeon
  2580 | D:5      | Noticed zenocrate's ghost (novice VSEn)
  2581 | D:5      | Found a transporter.
  2614 | D:5      | Noticed a black bear
  2644 | D:5      | Killed a black bear
  2645 | D:5      | Reached skill level 6 in Ranged Weapons
  2645 | D:5      | Reached XP level 6. HP: 30/30 MP: 7/7
  3231 | D:5      | Reached XP level 7. HP: 33/33 MP: 8/8
  3265 | D:5      | Found a transporter.
  3524 | D:6      | Reached skill level 7 in Ranged Weapons
  3790 | D:6      | Reached skill level 8 in Ranged Weapons
  3927 | D:6      | Noticed Sigmund
  4275 | D:6      | Noticed Eustachio
  4456 | D:5      | Killed Eustachio
  4457 | D:5      | Reached skill level 9 in Ranged Weapons
  4457 | D:5      | Reached XP level 8. HP: 23/37 MP: 9/9
  5006 | D:6      | Identified the +8 long sword of the Ring {speed, *Rage
                  | rN++}
  5321 | D:7      | Identified the +8 morningstar "Sudaotisk" {freeze, Int+3}
  5384 | D:7      | Found a runed translucent gate.
  5385 | D:7      | Found a runed translucent gate.
  5385 | D:7      | Noticed osinmv's ghost (novice HOFE)
  5386 | D:7      | Found a runed translucent gate.
  5469 | D:7      | Reached skill level 10 in Ranged Weapons
  5559 | D:7      | Noticed a hornet
  5642 | D:7      | Paralysed by a hornet for 1 turns
  5645 | D:7      | Killed a hornet
  6049 | D:7      | Reached skill level 11 in Ranged Weapons
  6194 | D:7      | Reached XP level 9. HP: 32/41 MP: 10/10
  7029 | D:8      | Noticed RancidPinata's ghost (weakling GrDe)
  7038 | D:8      | Found a runed translucent door.
  7075 | D:7      | Reached skill level 12 in Ranged Weapons
  7659 | D:8      | Gained mutation: Your flesh is cold resistant. (rC+)
                  | [potion of mutation]
  7659 | D:8      | Gained mutation: You are somewhat resistant to further
                  | mutation. [potion of mutation]
  7659 | D:8      | HP: 1/41 [poisoned by a killer bee]
  7659 | D:8      | Slain by a killer bee

Illustrated notes

Levels and vault maps discovered:
D:1:      tarquinn_simple_flora_water_c, layout_basic, serial_shops, shop,
          kennysheep_decorative_pillar, roderic_serpentine_path,
          minmay_misc_feat_square
D:2:      layout_rooms, nicolae_half_adder
D:3:      layout_rooms, gammafunk_temple_overflow_claw
D:4:      layout_layer_cave, bloody_trog, general_overflow_altar,
          nicolae_overflow_crystal_walls, minmay_temple_entry_hall
D:5:      layout_loops_ring, gammafunk_ghost_stat_death
D:6:      layout_basic, uniq_eustachio, uniq_sigmund
D:7:      layout_loops_corners, gammafunk_ghost_nasty_kobolds
D:8:      layout_layer_cave, lemuel_tele_altar, hellmonk_ghost_big_iron
Temple:   cyrus_circular_temple

Skill      XL: |  1  2  3  4  5  6  7  8  9 |
---------------+----------------------------+-----
Ranged Weapons | 5 6 9 11 12 | 12.1
Stealth        | 4 6 7 9 |  9.3
Short Blades   | 1 |  1.8
Fighting       | |  1.5
Dodging        | |  2.6

Action                     |  1- 3 |  4- 6 |  7- 9 || total
---------------------------+-------+-------+-------++-------
  Melee: Dagger            |       |    55 |    76 ||   131
         Punch             |       |     2 |       ||     2
   Fire: Shortbow          |    99 |   100 |   229 ||   428
    Use: Scroll            |     2 |       |     8 ||    10
         Potion            |       |       |     8 ||     8
   Stab: Sleeping          |       |     9 |    10 ||    19
 Armour: Robe              |     9 |    16 |    62 ||    87
         Skin              |       |       |    11 ||    11
  Dodge: Dodged            |    32 |    47 |   175 ||   254
